 Dungeon Crawl Stone Soup version 0.31-a0-1227-g0136665373 (webtiles) character file.

Game seed: 3554296498554439175

20734 drugrobin the Fighter (level 12, 0/118 HPs)
             Began as a Demigod Delver on Dec 15, 2023.
             Constricted to death by Jorgrun (13 damage)
             ... on level 2 of the Orcish Mines.
             The game lasted 00:43:00 (13795 turns).

drugrobin the Fighter (Demigod Delver)             Turns: 13795, Time: 00:43:01

Health: 0/118      AC: 15    Str: 25    XL:     12   Next: 18%
Magic:  0/15       EV:  7    Int: 16    God:
Gold:   1007       SH:  6    Dex: 15    Spells: 11/11 levels left

rFire   + + .        b - +6 whip of the Owl {heavy, rPois}
rCold   . . .        P - +2 buckler
rNeg    . . .        v - +2 scale mail {Will+}
rPois   +            E - +0 helmet
rElec   .            D - scarf {rC+ rF+}
rCorr   .            o - +0 pair of gloves
SInv    .            m - +0 pair of boots
Will    ++...        w - amulet of guardian spirit
Stlth   +            j - +4 ring of protection
HPRegen 0.39/turn    A - ring of fire
MPRegen 0.14/turn

%: guardian spirit
@: marked, grasped by roots, constricted
A: high MP 1, forlorn, divine attributes
a: no special abilities


You were on level 2 of the Orcish Mines.
You visited 2 branches of the dungeon, and saw 13 of its levels.
You also visited: Ossuary.

You collected 1059 gold pieces.
You spent 52 gold pieces at shops.

Inventory:

Hand Weapons
 a - a +4 short sword of venom
 b - the +6 whip of the Owl (weapon) {heavy, rPois}
   (You found it on level 6 of the Dungeon)

   rPois:     It protects you from poison
 c - a +0 flail
 F - a +0 morningstar
 Q - a +0 mace of holy wrath
Missiles
 q - 16 boomerangs (quivered)
 G - 2 curare-tipped darts
 R - 24 poisoned darts
Armour
 m - a +0 pair of boots (worn)
 o - a +0 pair of gloves (worn)
 v - a +2 scale mail of willpower (worn)
 C - a +0 leather armour of fire resistance
 D - a scarf of resistance (worn)
 E - a +0 helmet (worn)
 P - a +2 buckler (worn)
 U - a +0 troll leather armour
Jewellery
 j - a +4 ring of protection (left hand)
 w - an amulet of guardian spirit (around neck)
 A - a ring of fire (right hand)
Wands
 k - a wand of roots (23)
 n - a wand of quicksilver (9)
 x - a wand of flame (25)
 T - a wand of paralysis (7)
Scrolls
 d - 3 scrolls of revelation
 i - 6 scrolls of blinking {unknown}
 l - 8 scrolls of teleportation
 p - a scroll of amnesia
 s - a scroll of silence
 t - 2 scrolls of summoning
 u - 4 scrolls of enchant armour {unknown}
 M - 3 scrolls of immolation
 N - a scroll of fog
Potions
 f - 3 potions of haste
 r - 5 potions of mutation {unknown}
 z - a potion of ambrosia {unknown}
 H - a potion of magic {unknown}
 I - 2 potions of cancellation {unknown}
 J - a potion of enlightenment {unknown}
 K - 4 potions of curing {unknown}
 L - 2 potions of berserk rage {unknown}
 O - a potion of might {unknown}
 S - a potion of lignification {unknown}


   Skills:
 + Level 14.8 Fighting
 - Level 12.0 Maces & Flails
 - Level 1.7 Dodging
 - Level 4.5 Stealth
 - Level 4.0 Evocations


You had 11 spell levels left.
You didn't know any spells.
Your spell library contained the following spells:

 Spells                   Type           Power      Damage    Failure   Level
 Kiss of Death            Conj/Necr      0%         2d5       61%         1
 Cigotuvi's Dreadful Rot  Necr/Pois/Air  0%         N/A       75%         2
 Scorch                   Fire           0%         2d5       75%         2
 Confusing Touch          Hex            0%         N/A       93%         3
 Hailstorm                Conj/Ice       0%         3d5       93%         3
 Ignite Poison            Fire/Tmut/Pois 0%         N/A       93%         3
 Animate Dead             Necr           0%         N/A       100%        4
 Dispel Undead            Necr           0%         3d6       100%        4
 Flame Wave               Conj/Fire      0%         2d4       100%        4
 Manifold Assault         Tloc           0%         N/A       100%        4
 Sticky Flame             Conj/Fire      0%         2d3       100%        4
 Summon Ice Beast         Ice/Summ       0%         N/A       100%        4
 Borgnjor's Vile Clutch   Necr/Erth      0%         N/A       100%        5
 Freezing Cloud           Conj/Ice/Air   0%         6-21      100%        5
 Death Channel            Necr           0%         N/A       100%        6
 Dispersal                Tloc           0%         N/A       100%        6
 Simulacrum               Ice/Necr       0%         N/A       100%        6
 Summon Cactus Giant      Summ           0%         N/A       100%        6
 Disjunction              Tloc           0%         N/A       100%        8
 Ignition                 Fire           0%         3d3       100%        8


Dungeon Overview and Level Annotations

Branches:
Dungeon (11/15)            Temple (0/1) D:7            Lair (0/5) D:10
    Orc (2/2) D:11        Ossuary (visited)
    Elf: Orc:2

Shops:
D:8 *

Annotations:
D:10 3 runed translucent doors
Orc:1 exclusion: downstairs
Orc:2 Jorgrun, Saint Roka


Innate Abilities, Weirdness & Mutations

You have an increased reservoir of magic. (+10% MP)
You shall have no god before yourself.
Your divine heritage dramatically boosts your attributes as you level up.


Message History

The two-headed ogre looks frightened!
The troll looks frightened!
The two-headed ogre looks frightened!
The ogre mage looks frightened!
The two-headed ogre looks frightened!
The troll looks frightened!
The two-headed ogre looks frightened!
Jorgrun easily resists.
Saint Roka looks frightened!
The troll looks frightened!
The orange demon looks frightened!
The chaos spawn easily resists.
The orc knight looks frightened!
The warg looks frightened!
The orc looks frightened!
Flame seeps out of the ogre. x2
The ogre is engulfed in poison gas.
The ogre looks as sick as possible!
Flame seeps out of the ogre.
The orc knight is engulfed in poison gas.
The orc knight looks as sick as possible!
Flame seeps out of the orc knight.
You feel a bit more experienced.
You hear an explosion!
The troll is engulfed in blazing flames.
Saint Roka is engulfed in blazing flames.
The stone giant is engulfed in poison gas.
The stone giant looks even sicker.
The two-headed ogre is engulfed in poison gas.
The two-headed ogre is poisoned.
The two-headed ogre begs for mercy.
The ogre mage casts a spell.
The ogre mage flickers and vanishes!
Deactivating autopickup; reactivate with Ctrl-A.
The troll is engulfed in poison gas.
The troll is poisoned.
The ogre is engulfed in poison gas.
The ogre looks as sick as possible!
Flame seeps out of the ogre.
The warg is engulfed in blazing flames.
The warg explodes!
You feel a bit more experienced. x2
The fiery explosion engulfs the orc warrior!!
You kill the orc warrior!
You feel a bit more experienced.
The fiery explosion engulfs the troll!!!
You kill the troll!
You feel a bit more experienced.
Jorgrun is engulfed in blazing flames.
Flame seeps out of Jorgrun.
Jorgrun hits you with a +0 heavy quarterstaff!
* * * LOW HITPOINT WARNING * * *
The grasping roots constrict you!
You die...

..#.....###.#.TO....
#§§§#§§.§§#§O§.#..O...
§§§§.§§.§§§§..§o......
§§§§§§§#§§☼§#OTT#..O
§§§§§#§§§§TC§.{......O
§§§§§§§.§§☼§§Th.......
###.#..§§§§§§§§☼§§§§§#.O.....
.......§☼§§☼§§g☼§§§§☼##......
.......§§§§§§§@§§.T§.# .....#
.......§§§☼§§§§§§§☼§§§.....#.
#......§§§§.$§§§.§#§§§...##.
#.......§§§4.§.§§§§§.§...
.......§§§§§.§§§§§§§§§...
#......§.§4☼§§§§§.§§§§..
.......☼§§§°§§§☼§§§§§☼
...$..o§§§§§§§☼§§§§§§§
......o........


You could see Jorgrun (inner flame), a stone giant (fleeing, very poisoned), 2
two-headed ogres, a deep troll (inner flame, very poisoned), an orange demon
(summoned, fleeing), 3 trolls, a warg (inner flame, fleeing) and a chaos spawn
(summoned).

Vanquished Creatures
  Gastronok (D:9)
  Erolcha (D:9)
  An ogre mage (Orc:2)
  3 two-headed ogres
  Nergalle (Orc:1)
  An orc knight (Orc:1)
  4 orc sorcerers
  A komodo dragon (D:11)
  7 trolls
  2 shadows
  4 wyverns
  31 yaks
  Grum (D:8)
  2 steam dragons
  A warg (Orc:2)
  3 water moccasins (D:10)
  20 orc warriors
  2 black bears (D:6)
  5 ogres
  5 centaurs
  3 wolves (D:8)
  2 phantoms
  2 kobold brigands (D:9)
  7 bullfrogs
  2 gnoll sergeants
  3 scorpions
  5 wights (D:10)
  A killer bee (D:9)
  5 howler monkeys
  5 electric eels
  4 centaur zombies (Ossuary)
  18 orc priests
  4 hounds
  A jelly (D:6)
  A gnoll bouda (D:7)
  A sleepcap (D:7)
  Terence (D:2)
  4 iguanas
  19 orc wizards
  An ogre zombie (Ossuary)
  8 mummies
  11 gnolls
  4 adders
  4 white imps
  2 ufetubi (D:7)
  2 adder zombies (Ossuary)
  A dart slug (D:3)
  90 orcs
  3 endoplasms
  3 giant cockroaches
  A gnoll zombie (Ossuary)
  5 goblins
  7 hobgoblins
  2 jackals (D:5)
  12 kobolds
  8 ball pythons
  4 bats
  3 frilled lizards
  6 goblin zombies
  5 kobold zombies
  5 quokka zombies (Ossuary)
  2 rats
  8 rat zombies (Ossuary)
381 creatures vanquished.

Notes
Turn   | Place    | Note
-------+----------+-------------------------------------------
     0 | D:5      | drugrobin the Demigod Delver began the quest for the Orb.
     0 | D:5      | Reached XP level 1. HP: 18/18 MP: 3/3
   190 | D:3      | Noticed an orc wizard
   317 | D:4      | Reached XP level 2. HP: 25/25 MP: 4/4
  1140 | D:2      | Identified the +4 long sword "Elan" {pain, Will+ Dex+3}
  1330 | D:2      | Reached XP level 3. HP: 29/30 MP: 5/5
  1472 | D:2      | Noticed Terence
  1531 | D:2      | Killed Terence
  1532 | D:2      | Reached skill level 1 in Evocations
  2107 | D:3      | Reached XP level 4. HP: 37/37 MP: 6/6
  2461 | D:4      | Reached XP level 5. HP: 22/42 MP: 2/7
  3112 | D:4      | Reached XP level 6. HP: 46/50 MP: 6/8
  3135 | D:5      | Reached skill level 5 in Maces & Flails
  3852 | D:5      | Reached XP level 7. HP: 32/56 MP: 4/9
  4708 | D:6      | Found a sand-covered staircase.
  4785 | Ossuary  | Entered an ossuary
  4844 | Ossuary  | Reached XP level 8. HP: 62/62 MP: 10/10
  6263 | D:6      | Identified the +6 whip of the Owl {heavy, rPois}
  6742 | D:7      | Reached skill level 10 in Maces & Flails
  7106 | D:7      | Found a staircase to the Ecumenical Temple.
  7411 | D:8      | Found Bufubleq's General Store.
  7423 | D:8      | Reached XP level 9. HP: 66/68 MP: 11/11
  7440 | D:8      | Bought a scroll of identify for 26 gold pieces
  7440 | D:8      | Bought a scroll of identify for 26 gold pieces
  7686 | D:8      | Noticed Grum
  7715 | D:8      | Killed Grum
  7719 | D:8      | Reached skill level 3 in Fighting
  8162 | D:8      | Reached skill level 4 in Fighting
  8215 | D:8      | Reached skill level 5 in Fighting
  8709 | D:9      | Reached skill level 6 in Fighting
  8709 | D:9      | Reached XP level 10. HP: 52/83 MP: 11/13
  8868 | D:8      | Reached skill level 7 in Fighting
  9168 | D:9      | Noticed Gastronok
  9206 | D:9      | Killed Gastronok
  9207 | D:9      | Reached skill level 8 in Fighting
  9314 | D:9      | Noticed Erolcha
  9397 | D:9      | Reached skill level 9 in Fighting
  9432 | D:9      | Killed Erolcha
  9772 | D:9      | Noticed a two-headed ogre
  9790 | D:9      | Killed a two-headed ogre
  9791 | D:9      | Reached skill level 10 in Fighting
  9831 | D:9      | Noticed a two-headed ogre
  9903 | D:9      | Killed a two-headed ogre
 10061 | D:10     | Entered Level 10 of the Dungeon
 10133 | D:10     | Reached XP level 11. HP: 98/101 MP: 14/14
 10330 | D:10     | Reached skill level 11 in Fighting
 10516 | D:10     | Noticed a two-headed ogre
 10536 | D:10     | Killed a two-headed ogre
 10617 | D:10     | Found a runed translucent gate.
 10617 | D:10     | Found a runed translucent gate.
 10617 | D:10     | Found a runed translucent gate.
 10617 | D:10     | Noticed a death yak
 10617 | D:10     | Noticed a death yak
 10617 | D:10     | Noticed a death yak
 10659 | D:10     | Found a staircase to the Lair.
 10750 | D:10     | Reached skill level 12 in Fighting
 12086 | D:11     | Reached skill level 13 in Fighting
 12316 | D:11     | Found a staircase to the Orcish Mines.
 12396 | Orc:1    | Entered Level 1 of the Orcish Mines
 12459 | Orc:2    | Entered Level 2 of the Orcish Mines
 12459 | Orc:2    | Noticed Jorgrun
 12661 | Orc:2    | Noticed an orc knight
 13203 | Orc:1    | Noticed an orc knight
 13229 | Orc:1    | Killed an orc knight
 13230 | Orc:1    | Reached skill level 14 in Fighting
 13293 | Orc:1    | Noticed Nergalle
 13313 | Orc:1    | Noticed a sixfirhy
 13319 | Orc:1    | Killed Nergalle
 13320 | Orc:1    | Reached XP level 12. HP: 31/109 MP: 1/15
 13775 | Orc:2    | Noticed an ogre mage
 13788 | Orc:2    | Killed an ogre mage
 13789 | Orc:2    | Noticed a stone giant
 13792 | Orc:2    | Noticed an ogre mage
 13794 | Orc:2    | Noticed Saint Roka
 13795 | Orc:2    | Constricted to death by Jorgrun

Illustrated notes

Levels and vault maps discovered:
D:1:      pf_arrival_petrified_forest, layout_rooms,
          ebering_ecumenical_altar_petrified
D:2:      minmay_inner_zag, layout_loops_ring, nrook_uturn, kennysheep_boxes,
          uniq_terence
D:3:      layout_loops_ring, grunt_temple_overflow_open, minmay_hedge_maze,
          minmay_misc_feat_four_crosses
D:4:      layout_loops_ring, dk_noncrumbling_4
D:5:      layout_basic, minmay_quadrilaterals
D:6:      layout_basic, amcnicky_altar_gilded, nicolae_ossuary_entry_giza,
          fountainhead
D:7:      layout_basic, nicolae_overflow_hidden_temple,
          mainiacjoe_overflow_small_starburst, minmay_temple_entry_offerings
D:8:      layout_basic, serial_shops, shop_statue,
          hangedman_abyss_or_decor_jellyfish_corner, uniq_grum
D:9:      layout_rooms, minmay_fractal_squares_gapless_5, uniq_erolcha,
          uniq_gastronok
D:10:     lemuel_bear_cage, layout_long_grid, due_lair_maze_entry_diamond
D:11:     layout_gridville, erik_orc_2, grunt_ministairs_3,
          evilmike_ruin_ashenzari
Orc:1:    layout_diamond_mine, uniq_nergalle
Orc:2:    st_orc_open, layout_caves, uniq_jorgrun, uniq_saint_roka

Skill      XL: |  1  2  3  4  5  6  7  8  9 10 11 |
---------------+----------------------------------+-----
Maces & Flails | 2 3 4 6 8 10 12 | 12.0
Evocations     | 1 2 3 4 |  4.0
Fighting       | 6 10 14 | 14.8
Dodging        | |  1.7
Stealth        | |  4.5

Action                     |  1- 3 |  4- 6 |  7- 9 | 10-12 || total
---------------------------+-------+-------+-------+-------++-------
  Melee: Mace              |    30 |       |       |       ||    30
         Flail             |    97 |    90 |   253 |       ||   440
         Punch             |     1 |     3 |     7 |     2 ||    13
         Short sword       |    12 |    76 |    65 |     3 ||   156
         Whip              |       |       |   191 |   510 ||   701
  Throw: Boomerang         |    11 |     8 |    60 |    48 ||   127
         Throwing net      |       |       |     2 |     2 ||     4
         Dart              |       |       |       |    25 ||    25
  Evoke: Wand              |       |     1 |       |    35 ||    36
    Use: Scroll            |       |       |     8 |     7 ||    15
         Potion            |       |       |       |     2 ||     2
   Stab: Sleeping          |     4 |       |     5 |       ||     9
         Held in net/web   |       |       |     2 |     6 ||     8
 Armour: Leather armour    |    17 |       |       |       ||    17
         Scale mail        |    44 |   137 |   366 |   316 ||   863
         Ring mail         |    14 |       |       |       ||    14
  Dodge: Dodged            |    97 |    76 |   219 |   176 ||   568
  Block: Buckler           |       |       |       |   102 ||   102

Table legend: (Time is in decaauts)
 A = Elapsed time spent in this place.
 B = Non-inter-level travel time spent in this place.
 C = Inter-level travel time spent in this place.
 D = Time resting spent in this place.
 E = Time spent auto-exploring this place.
 F = Levels seen in this place.
 G = Mean time per level.
                   A        B        C        D        E       F      G
               +--------+--------+--------+--------+--------+-----+--------+
         Total |  13734 |  13336 |    398 |   1431 |   7585 |  14 |  981.0 |
       Dungeon |  11413 |  11075 |    338 |    892 |   6853 |  11 | 1037.5 |
  Orcish Mines |   1374 |   1314 |     60 |    538 |    392 |   2 |  687.0 |
       Ossuary |    947 |    947 |      0 |      0 |    340 |   1 |  947.0 |
               +--------+--------+--------+--------+--------+-----+--------+

Top non-repeatable levels by time:
     D:8: 1622 daAuts
     D:5: 1367 daAuts
   Orc:1: 1325 daAuts
    D:11: 1296 daAuts
     D:6: 1247 daAuts
     D:9: 1098 daAuts
    D:10: 987 daAuts
 Ossuary: 947 daAuts
     D:2: 918 daAuts
     D:4: 911 daAuts
     D:3: 855 daAuts
     D:7: 681 daAuts
     D:1: 427 daAuts
   Orc:2: 48 daAuts
